 Dungeon Crawl Stone Soup version 0.26-b1-32-g5d43845318 (webtiles) character file.

Game seed: 5559929338093147901

382 Borgoz the Skirmisher (level 6, -5/52 HPs)
             Began as a Ghoul Gladiator on Jan 13, 2021.
             Splashed by Ijyb's acid (13 damage)
             ... on level 5 of the Dungeon.
             The game lasted 00:03:38 (4488 turns).

Borgoz the Skirmisher (Ghoul Gladiator)             Turns: 4488, Time: 00:03:38

Health: -5/52      AC:  2    Str: 18    XL:     6   Next: 76%
Magic:  5/5        EV: 12    Int:  3    God:
Gold:   208        SH:  0    Dex: 12    Spells: 5/5 levels left

rFire    . . .     SeeInvis .   a - +2 flail
rCold    + + .     Faith    .   (no shield)
rNeg     + + +     Spirit   .   f - +0 ring mail
rPois    ∞         Reflect  .   c - +0 helmet
rElec    .         Harm     .   (no cloak)
rCorr    .         Rampage  .   (no gloves)
Will     .....                  (no boots)
Stlth    +.........             (no amulet)
HPRegen  0.00/turn              e - ring of protection from cold
MPRegen  0.09/turn              (no ring)

@: corroded
A: claws 1, cold resistance 1, negative energy resistance 3, inhibited
regeneration, torment resistance, unbreathing
a: no special abilities


You were on level 5 of the Dungeon.
You visited 1 branch of the dungeon, and saw 5 of its levels.

You collected 208 gold pieces.

Inventory:

Hand Weapons
 a - a +2 flail (weapon)
Missiles
 d - 3 throwing nets (quivered)
Armour
 c - a +0 helmet (worn)
 f - a +0 ring mail (worn)
Jewellery
 e - a ring of protection from cold (left claw)
Wands
 o - a wand of digging (1)
Scrolls
 b - 2 scrolls of enchant weapon
 g - a scroll of enchant armour {unknown}
 i - a scroll of fear
 j - 2 scrolls of teleportation {unknown}
 k - 3 scrolls of remove curse
 l - 2 scrolls of amnesia {unknown}
Potions
 h - 3 potions of might
 m - a potion of curing
 n - a potion of resistance
 p - a potion of heal wounds {unknown}


   Skills:
 * Level 4.2 Fighting
 * Level 4.1 Maces & Flails
 - Level 1.7 Throwing
 * Level 2.6 Armour
 * Level 4.0 Dodging


You had 5 spell levels left.
You didn't know any spells.
Your spell library was empty.

Dungeon Overview and Level Annotations

Branches:
Dungeon (5/15)
 Temple: D:4-7

Altars:
Dithmenos
Fedhas
Gozag
Nemelex Xobeh
Sif Muna
Zin

Annotations:
D:5 Ijyb


Innate Abilities, Weirdness & Mutations

You thrive by killing the living.
You are immune to poison.
You have sharp fingernails.
Your flesh is cold resistant. (rC+)
You are immune to negative energy. (rN+++)
You do not regenerate when monsters are visible.
You are immune to unholy pain and torment.
You can survive without breathing.


Message History

Found 12 gold pieces and a club.
Ijyb is nearby!
Ijyb hits you.
There is an open door here.
You hit Ijyb but do no damage. Ijyb completely misses you.
You hit Ijyb.
Ijyb is lightly wounded.
Ijyb hits you but does no damage.
You hit Ijyb but do no damage.
Ijyb is lightly wounded.
Ijyb zaps a wand.
The bolt of acid hits you.
You are splashed with acid!
You sock Ijyb!
Ijyb is moderately wounded.
Ijyb hits you but does no damage.
You closely miss Ijyb.
Ijyb is moderately wounded.
Ijyb hits you but does no damage.
Ijyb zaps a wand.
The bolt of acid hits you!!
* * * LOW HITPOINT WARNING * * *
The acid corrodes you!
You are splashed with acid!
You die...

##.......##
#.........#
+.......).+
#.........#
#$......#
#.....# #..g#
##### #@###
#.<.###.>.#
#.......#.#
#...###...#
##.###....##
#.##......##
#.##.......#
..##......>#
####...........


You could see Ijyb.

Vanquished Creatures
  A phantom (D:5)
  A scorpion (D:3)
  An orc wizard (D:3)
  An iguana (D:2)
  2 worker ants (D:4)
  5 adders
  An adder skeleton (D:4)
  3 worms
  2 dart slugs (D:1)
  4 leopard geckos
  3 orcs (D:3)
  5 bats
  2 giant cockroaches
  9 goblins
  4 hobgoblins
  7 jackals
  4 quokkas
  3 ball pythons
  5 frilled lizards
  A jackal skeleton (D:4)
  14 kobolds
  7 rats
85 creatures vanquished.

Vanquished Creatures (others)
  24 plants (D:5)
24 creatures vanquished.

Grand Total: 109 creatures vanquished

Notes
Turn   | Place    | Note
-------+----------+-------------------------------------------
     0 | D:1      | Borgoz the Ghoul Gladiator began the quest for the Orb.
     0 | D:1      | Reached XP level 1. HP: 17/17 MP: 0/0
   129 | D:1      | Reached XP level 2. HP: 12/25 MP: 1/1
  1048 | D:1      | Reached XP level 3. HP: 28/30 MP: 2/2
  1237 | D:2      | Reached skill level 1 in Armour
  1379 | D:2      | Reached XP level 4. HP: 11/38 MP: 3/3
  1759 | D:2      | Found a shadowy altar of Dithmenos.
  2117 | D:3      | Found a sparkling altar of Nemelex Xobeh.
  2180 | D:3      | Reached XP level 5. HP: 12/45 MP: 4/4
  2549 | D:3      | Found a shimmering blue altar of Sif Muna.
  2924 | D:3      | Found an opulent altar of Gozag.
  3078 | D:3      | Found a glowing silver altar of Zin.
  3294 | D:4      | Reached XP level 6. HP: 43/52 MP: 5/5
  3535 | D:4      | Found a blossoming altar of Fedhas.
  4367 | D:5      | Entered Level 5 of the Dungeon
  4367 | D:5      | Noticed a phantom
  4394 | D:5      | Killed a phantom
  4482 | D:5      | Noticed Ijyb
  4488 | D:5      | Splashed by Ijyb's acid

Illustrated notes

Levels and vault maps discovered:
D:1:      evilmike_arrival_hilbert_curve, layout_loops_corners, hex_medium,
          hangedman_decor_lopped
D:2:      layout_basic, serial_corexii_hall, chequers_hall_statues_y,
          corexii_hall_statues_t, grunt_dithmenos_smoke_and_mirrors
D:3:      layout_loops_cross, pdpol_temple_overflow_zin_treasury_gozag_greed,
          lemuel_crystal_altar, nemelex_xobeh_ov_fountains_minmay
D:4:      layout_basic, fedhas_altar_2
D:5:      layout_loops_corners, minmay_temple_entry_glassed_door,
          ebering_ghost_gozag, serial_bayou, serial_bayou_pond_a,
          serial_bayou_shore_b, serial_bayou_pond_a, serial_bayou_pond_e,
          serial_bayou_shore_a, serial_bayou_lagoon_a, uniq_pikel, uniq_ijyb,
          uniq_prince_ribbit1

Skill      XL: |  1  2  3  4  5  6 |
---------------+-------------------+-----
Maces & Flails | 3 4 |  4.1
Dodging        | 3 4 |  4.0
Armour         | 1 2 |  2.6
Fighting       | 3 4 |  4.2
Throwing       | |  1.7

Action                   |  1- 3 |  4- 6 || total
-------------------------+-------+-------++-------
Melee: Flail             |    99 |   217 ||   316
Throw: Throwing net      |     1 |       ||     1
  Use: Potion            |       |     1 ||     1
       Scroll            |       |     7 ||     7
Armor: Leather armour    |     9 |       ||     9
       Ring mail         |    41 |    84 ||   125
Dodge: Dodged            |    88 |   187 ||   275
